 Dungeon Sprint DCSS version 0.31-a0-18-gea43df2a32 (webtiles) character file.

Game seed: 77979105777822843

1838 bmack86 the Warrior (level 8, -2/141 HPs)
             Began as a Minotaur Fighter on May 10, 2023.
             Was a Believer of Makhleb.
             Slain by a demonic crawler (7 damage)
             ... in the Dungeon (Sprint I: "Red Sonja").
             The game lasted 00:04:36 (440 turns).

bmack86 the Warrior (Minotaur Fighter)               Turns: 440, Time: 00:04:36

Health: -2/141     AC:  6    Str: 24    XL:     8   Next: 87%
Magic:  7/7        EV:  9    Int:  5    God:    Makhleb [**....]
Gold:   186        SH:  0    Dex:  9    Spells: 7/7 levels left

rFire   . . .        n - +2 war axe (heavy)
rCold   . . .        (no shield)
rNeg    . . .        b - +0 scale mail
rPois   .            (helmet restricted)
rElec   .            (no cloak)
rCorr   .            (no gloves)
SInv    .            (no boots)
Will    .....        (no amulet) Stlth
                     (no ring)
HPRegen 0.43/turn    (no ring)
MPRegen 0.10/turn

%: no teleportation
@: berserking, very quick
A: horns 2, retaliatory headbutt
a: Renounce Religion, Minor Destruction


You were in the Dungeon.
You worshipped Makhleb.
Makhleb was pleased with you.
You visited 1 branch You collected 405 gold pieces.
You spent 219 gold pieces at shops.

Inventory:

Hand Weapons
 a - a +0 war axe
 g - a +3 club
 k - a +3 scythe
 n - a +2 heavy war axe (weapon)
Armour
 b - a +0 scale mail (worn)
 c - a +0 buckler
Wands
 d - a wand of roots (12)
Scrolls
 j - a scroll of blinking
Potions
 e - 2 potions of curing
 f - a potion of heal wounds
 h - 2 potions of magic
 l - a potion of haste


   Skills:
 + Level 16.8 Fighting
 + Level 16.6 Axes
 - Level 3.6 Armour
 - Level 3.6 Shields


You had 7 spell levels left.
You didn't know any spells.
Your spell library was empty.

Dungeon Overview and Level Annotations

Branches:
Dungeon (1/1)

Altars:
Cheibriados
Dithmenos
Elyvilon
Fedhas
Gozag
Hepliaklqana
Kikubaaqudgha
Makhleb
Nemelex Xobeh
Okawaru
Qazlal
Ru
Sif Muna
Trog
Uskayaw
Vehumet
Wu Jian
Xom
Yredelemnul
Zin
The Shining One
Jiyva
Lugonu

Shops:
D (


Innate Abilities, Weirdness & Mutations

You have a pair of horns on your head.
You reflexively headbutt those who attack you in melee.


Message History

You slice the demonic crawler!!
The demonic crawler is heavily wounded.
You slice the demonic crawler!! The demonic crawler misses you.
The demonic crawler hits you. The demonic crawler closely misses you.
You slice the demonic crawler!! You headbutt the demonic crawler!
The demonic crawler is severely wounded.
You slice the demonic crawler!! The demonic crawler hits you.
The demonic crawler hits you! x3; The demonic crawler barely misses you.
The demonic crawler closely misses you.
Unknown command.
You barely miss the demonic crawler. You punch the demonic crawler!
The demonic crawler is almost dead.
You slice the demonic crawler!!
You kill the demonic crawler!
Makhleb accepts your kill.
You can now harness Makhleb's destructive might.
The demonic crawler hits you! x2
* * * LOW HITPOINT WARNING * * *
The demonic crawler hits you!
* * * LOW HITPOINT WARNING * * *
Your Fighting skill increases to level 16!
Your Axes skill increases to level 16!
You hit the demonic crawler.
The demonic crawler is severely wounded.
The demonic crawler hits you!
* * * LOW HITPOINT WARNING * * *
The demonic crawler hits you.
* * * LOW HITPOINT WARNING * * *
The demonic crawler hits you.
* * * LOW HITPOINT WARNING * * *
You completely miss the demonic crawler.
The demonic crawler is severely wounded.
You slice the demonic crawler!!
You kill the demonic crawler!
Makhleb accepts your kill.
You slash the demonic crawler!
The demonic crawler is moderately wounded.
The demonic crawler hits you but does no damage.
The demonic crawler hits you!
You die...

##################
.#.['..#__#..')..#
.'..#..'..'..#)..##+#
'#####'#__####..@ss.#
.#...#.####§§#####..+
##..##.#~~§§c# ##
_##'#§§'§§§.§+
..'..§§#§§§.c#
_##_.#'##+####
_###+#(# ## ###


You could see 2 demonic crawlers.

Vanquished Creatures
  2 demonic crawlers (D)
  2 kobold demonologists (D)
  A slime creature (D)
  Sigmund (D)
  A yak (D)
  A floating eye (D)
  An ogre (D)
  A jelly (D)
  Ijyb (D)
11 creatures vanquished.

Notes
Turn   | Place    | Note
-------+----------+-------------------------------------------
     0 | D        | bmack86 the Minotaur Fighter began the quest for the Orb.
     0 | D        | Reached XP level 1. HP: 19/19 MP: 0/0
     4 | D        | Noticed Ijyb
     7 | D        | Killed Ijyb
     8 | D        | Reached skill level 5 in Axes
     8 | D        | Reached XP level 2. HP: 30/30 MP: 1/1
    13 | D        | Noticed an ogre
    17 | D        | Killed an ogre
    18 | D        | Reached XP level 3. HP: 37/41 MP: 2/2
    18 | D        | Reached XP level 4. HP: 44/49 MP: 3/3
    21 | D        | Noticed Sigmund
    33 | D        | Killed Sigmund
    34 | D        | Reached skill level 10 in Axes
    34 | D        | Reached XP level 5. HP: 24/60 MP: 4/4
   159 | D        | Found a burning altar of Makhleb.
   159 | D        | Found a viscous altar of Jiyva.
   159 | D        | Found a shimmering altar of Xom.
   159 | D        | Found a corrupted altar of Lugonu.
   159 | D        | Noticed a slime creature
   163 | D        | Killed a slime creature
   164 | D        | Reached XP level 6. HP: 44/71 MP: 5/5
   256 | D        | Became a worshipper of Makhleb the Destroyer
   261 | D        | Found an ornate altar of the Wu Jian Council.
   261 | D        | Found a shimmering blue altar of Sif Muna.
   263 | D        | Found a radiant altar of Vehumet.
   297 | D        | Found Bashif's Weapon Emporium.
   297 | D        | Found an ancient bone altar of Kikubaaqudgha.
   297 | D        | Found a hazy altar of Hepliaklqana.
   297 | D        | Found a stormy altar of Qazlal.
   297 | D        | Found a hide-covered altar of Uskayaw.
   297 | D        | Found a blossoming altar of Fedhas.
   297 | D        | Found a bloodstained altar of Trog.
   297 | D        | Found an iron altar of Okawaru.
   297 | D        | Found a basalt altar of Yredelemnul.
   297 | D        | Found a glowing golden altar of the Shining One.
   297 | D        | Found a snail-covered altar of Cheibriados.
   297 | D        | Found a sacrificial altar of Ru.
   297 | D        | Found a glowing silver altar of Zin.
   297 | D        | Found a shadowy altar of Dithmenos.
   297 | D        | Found a white marble altar of Elyvilon.
   297 | D        | Noticed a yak
   303 | D        | Killed a yak
   304 | D        | Reached XP level 7. HP: 55/79 MP: 6/6
   304 | D        | Found an opulent altar of Gozag.
   305 | D        | Found a sparkling altar of Nemelex Xobeh.
   309 | D        | Bought a +2 heavy war axe for 219 gold pieces
   379 | D        | Noticed a centaur warrior
   379 | D        | Noticed a centaur warrior
   414 | D        | Noticed a kobold demonologist
   414 | D        | Noticed a kobold demonologist
   415 | D        | Noticed a ynoxinul
   416 | D        | Reached * piety under Makhleb
   417 | D        | Noticed a hellwing
   421 | D        | Killed a kobold demonologist
   421 | D        | Killed a kobold demonologist
   422 | D        | Reached skill level 15 in Fighting
   422 | D        | Reached skill level 15 in Axes
   422 | D        | Reached XP level 8. HP: 86/91 MP: 7/7
   431 | D        | Noticed a demonic crawler
   431 | D        | Noticed a demonic crawler
   431 | D        | Noticed a demonic crawler
   431 | D        | Noticed a demonic crawler
   436 | D        | Killed a demonic crawler
   436 | D        | Reached ** piety under Makhleb
   437 | D        | HP: 6/139 [demonic crawler (6)]
   439 | D        | Killed a demonic crawler
   440 | D        | Slain by a demonic crawler

Illustrated notes

Levels and vault maps discovered:
D:        dungeon_sprint_1 [red_sonja_temple_1, red_sonja_temple_small_1]

Skill      XL: |  1  2  3  4  5  6  7  8 |
---------------+-------------------------+-----
Fighting       | 6 8 11 12 13 15 16 | 16.8
Axes           | 5 8 10 12 13 15 16 | 16.6
Armour         | |  3.6
Shields        | |  3.6

Action                     |  1- 3 |  4- 6 |  7- 9 || total
---------------------------+-------+-------+-------++-------
  Melee: War axe           |     2 |       |    14 ||    16
         Headbutt          |     1 |     1 |     3 ||     5
         Club              |     3 |     5 |       ||     8
         Halberd           |       |    13 |       ||    13
         Punch             |       |       |     1 ||     1
    Use: Potion            |     2 |       |     1 ||     3
         Scroll            |       |       |     1 ||     1
 Armour: Scale mail        |       |     4 |    10 ||    14
  Dodge: Dodged            |     3 |     5 |    11 ||    19

Table legend: (Time is in decaauts)
 A = Elapsed time spent in this place.
 B = Non-inter-level travel time spent in this place.
 C = Inter-level travel time spent in this place.
 D = Time resting spent in this place.
 E = Time spent auto-exploring this place.
 F = Levels seen in this place.
 G = Mean time per level.
                   A        B        C        D        E       F      G
               +--------+--------+--------+--------+--------+-----+--------+
         Total |    425 |    425 |      0 |    231 |      0 |   1 |  425.0 |
       Dungeon |    425 |    425 |      0 |    231 |      0 |   1 |  425.0 |
               +--------+--------+--------+--------+--------+-----+--------+

Top non-repeatable levels by time:
       D: 425 daAuts
